 Dungeon Crawl Stone Soup version 0.28-a0-1493-g08698888e4 (webtiles) character file.

Game seed: 6433253817252721262

16906 sanka the Basher (level 12, -3/97 HPs)
             Began as a Gnoll Cinder Acolyte on Jan 12, 2022.
             Was a High Priest of Ignis.
             Slain by a wolf (5 damage)
             ... on level 2 of the Lair of Beasts.
             The game lasted 00:30:17 (16992 turns).

sanka the Basher (Gnoll Cinder Acolyte)            Turns: 16992, Time: 00:30:18

Health: -3/97      AC:  3    Str: 16    XL:     12   Next: 42%
Magic:  0/23       EV: 13    Int: 28    God:    Ignis [*****.]
Gold:   771        SH:  0    Dex:  8    Spells: 9/26 levels left

rFire   + . .      SeeInvis .   d - +4 long sword (freeze)
rCold   . . .      Faith    .   (no shield)
rNeg    . . .      Spirit   +   b - +0 robe
rPois   .          Reflect  .   (no helmet)
rElec   +          Harm     .   (no cloak)
rCorr   +          Rampage  .   A - +0 pair of gloves
Will    .....                   (no boots)
Stlth   +++.......              q - amulet of guardian spirit
HPRegen 0.26/turn               Q - ring "Plog" {rElec Will+ rCorr Str-3 Int+6}
MPRegen 0.18/turn               y - ring "Wauwnuwn" {Will- Str+4 Int+5 Slay+4}

@: no status effects
A: fangs 1, strong nose, distributed training
a: Renounce Religion, Fiery Armour, Foxfire Swarm, Rising Flame


You were on level 2 of the Lair of Beasts.
You worshipped Ignis.
Ignis was extremely pleased with you.
You visited 3 branches of the dungeon, and saw 15 of its levels.

You collected 771 gold pieces.


Innate Abilities, Weirdness & Mutations

You have very sharp teeth.
Your uncanny sense of smell can sniff out nearby items.
Your experience applies equally to all skills.


   Skills:
 + Level 9.9 Fighting
 + Level 7.3 Short Blades
 + Level 7.3 Long Blades
 + Level 7.3 Axes
 + Level 9.9 Maces & Flails
 + Level 7.3 Polearms
 + Level 7.3 Staves
 + Level 7.3 Slings
 + Level 7.3 Bows
 + Level 7.3 Crossbows
 + Level 7.3 Throwing
 + Level 7.3 Armour
 + Level 7.3 Dodging
 + Level 7.3 Stealth
 + Level 7.3 Shields
 + Level 7.3 Unarmed Combat
 + Level 7.9 Spellcasting
 + Level 6.0 Conjurations
 + Level 6.0 Hexes
 + Level 6.0 Summonings
 + Level 6.0 Necromancy
 + Level 6.0 Translocations
 + Level 6.0 Transmutations
 + Level 8.2 Fire Magic
 + Level 6.0 Ice Magic
 + Level 6.0 Air Magic
 + Level 6.0 Earth Magic
 + Level 6.0 Poison Magic
 + Level 8.0 Invocations
 + Level 7.3 Evocations


You had 9 spell levels left.
You knew the following spells:

 Your Spells              Type           Power      Damage    Failure   Level
x - Fireball              Conj/Fire      25%        3d11      8%          5
y - Scorch                Fire           100%       2d10      1%          2
C - Iskenderun's Battles  Conj           45%        2d10      12%         5
X - Freezing Cloud        Conj/Ice/Air   22%        6-21      12%         5

Your spell library contained the following spells:

 Spells                   Type           Power      Damage    Failure   Level
 Olgreb's Toxic Radiance  Pois           45%        N/A       4%          4
 Conjure Ball Lightning   Conj/Air       22%        3x3d6     54%         6
 Simulacrum               Ice/Necr       22%        N/A       54%         6
 Orb of Destruction       Conj           22%        9d9       98%         7
 Ozocubu's Refrigeration  Ice            22%        4d9       98%         7
 Ignition                 Fire           27%        3d9       100%        8
 Polar Vortex             Ice            22%        N/A       100%        9

Inventory:

Hand Weapons
 a - a -1 mace of flaming
 d - a +4 long sword of freezing (weapon)
 n - a +0 dagger of venom
 K - a +0 short sword of distortion
Missiles
 v - 2 throwing nets {=f}
 J - 4 curare-tipped darts {=f}
Armour
 b - a +0 robe (worn)
 u - a +0 troll leather armour
 A - a +0 pair of gloves (worn)
 G - the +5 chain mail of the Teacher {MP+9}

   MP:        It affects your magic capacity (+9).
 L - a +0 kite shield
Jewellery
 o - a ring of protection from cold
 q - an amulet of guardian spirit (around neck)
 y - the ring "Wauwnuwn" (right hand) {Will- Str+4 Int+5 Slay+4}

   [ring of slaying]

   Str:       It affects your strength (+4).
   Int:       It affects your intelligence (+5).
   Slay:      It affects your accuracy & damage with ranged weapons and melee
   (+4).
   Will:      It decreases your willpower.
 I - a ring of protection from cold
 Q - the ring "Plog" (left hand) {rElec Will+ rCorr Str-3 Int+6}

   [ring of intelligence]

   Str:       It affects your strength (-3).
   Int:       It affects your intelligence (+6).
   rElec:     It insulates you from electricity.
   rCorr:     It protects you from acid and corrosion.
   Will:      It increases your willpower.
Wands
 m - a wand of iceblast (11)
 B - a wand of digging (6)
 D - a wand of flame (24)
 M - a wand of charming (4)
 N - a wand of polymorph (3)
Scrolls
 f - 5 scrolls of teleportation {@r4}
 h - 2 scrolls of magic mapping
 p - 2 scrolls of silence {!r}
 r - 4 scrolls of amnesia
 s - 6 scrolls of fear
 t - a scroll of brand weapon
 x - 2 scrolls of noise {!r}
 z - 2 scrolls of enchant armour
 F - a scroll of immolation {unknown}
 O - a scroll of vulnerability {!r}
 R - a scroll of blinking
 T - a scroll of fog {unknown}
Potions
 c - a potion of flight {unknown}
 e - 2 potions of magic {unknown}
 g - a potion of brilliance {unknown}
 i - 11 potions of curing {@q1}
 j - 2 potions of mutation {unknown}
 l - a potion of invisibility {unknown}
 w - a potion of degeneration {unknown}
 C - a potion of lignification {unknown}
 E - 2 potions of haste {unknown}
 P - a potion of cancellation {unknown}
 S - a potion of ambrosia {unknown}

Dungeon Overview and Level Annotations

Branches:
Dungeon (12/15)            Temple (1/1) D:6            Lair (2/6) D:8
    Orc (0/2) D:9
  Swamp: Lair:2-4    Shoals: Lair:2-4     Snake: Lair:2-4    Spider: Lair:2-4

Altars:
Ashenzari
Cheibriados
Dithmenos
Elyvilon
Fedhas
Gozag
Hepliaklqana
Kikubaaqudgha
Makhleb
Nemelex Xobeh
Okawaru
Qazlal
Ru
Sif Muna
Trog
Uskayaw
Vehumet
Wu Jian
Xom
Yredelemnul
Zin
The Shining One

Shops:
D:4 =[* D:7

* ▒}...▒▒▒▒▒........
▒...▒▒.......▒▒▒.
▒▒.............▒
▒........†.....▒
▒......▒▒▒▒...▒▒
▒▒..lF▒▒ ....▒
.?▒▒▒▒.....▒ ......
.<.....h..▒.▒▒.[......
.......g.............(
............... ▒▒▒▒
.▒▒▒.▒...▒▒▒▒▒...
▒▒....▒ ... ▒....▒ ..
▒..P.. ..P_P. ▒▒▒.P...


You could see an oklob plant (unaware), a komodo dragon, a wolf and a bullfrog.


Message History

The wolf bites you!
You slice the rime drake!! You freeze the rime drake.
You kill the rime drake!
The wolf closely misses you. The wolf barely misses you.
Your Invocations skill increases to level 8!
Unknown command.
The komodo dragon misses you. The wolf bites you!
The komodo dragon bites you but does no damage.
The wolf closely misses you. The komodo dragon bites you!!
* * * LOW HITPOINT WARNING * * *
A bullfrog comes into view.
The bullfrog croaks.
The komodo dragon bites you!!
* * * LOW HITPOINT WARNING * * *
The wolf closely misses you. The wolf barely misses you.
Found a stone staircase leading up.
The wolf bites you.
* * * LOW HITPOINT WARNING * * *
Unknown command.
Found a scroll of amnesia.
Found a burning altar of Makhleb.
The komodo dragon hisses menacingly.
An oklob plant comes into view.
The wolf bites you.
You die...

Action                   |  1- 3 |  4- 6 |  7- 9 | 10-12 || total
-------------------------+-------+-------+-------+-------++-------
Melee: Mace              |    72 |    60 |    41 |       ||   173
       Bite              |     3 |     4 |    12 |    38 ||    57
       Punch             |     2 |       |     5 |    18 ||    25
       Long sword        |       |       |    75 |   285 ||   360
 Cast: Scorch            |     9 |    31 |   142 |   104 ||   286
       Freezing Cloud    |       |       |       |    13 ||    13
       Fireball          |       |       |       |     8 ||     8
Invok: Foxfire Swarm     |       |       |     2 |       ||     2
Evoke: Wand              |       |       |       |    16 ||    16
  Use: Scroll            |       |       |     7 |     5 ||    12
       Potion            |       |       |       |     1 ||     1
 Stab: Sleeping          |     1 |       |     1 |     3 ||     5
       Paralysed         |       |       |       |     2 ||     2
Armor: Robe              |    11 |    12 |     1 |    32 ||    56
       Troll leather arm |       |       |    45 |    31 ||    76
       Chain mail        |       |       |       |    51 ||    51
Dodge: Dodged            |    43 |    46 |   120 |   231 ||   440

Levels and vault maps discovered:
D:1:      wander_arrival_fairy_ring, layout_basic,
          dilly_ecumenical_altar_fadedgnrine, serial_park_tiny_2,
          dk_noncrumbling_3
D:2:      layout_loops_ring, basic_altar
D:3:      layout_basic, uniq_ijyb, uniq_sigmund, uniq_jessica
D:4:      layout_basic, kennysheep_mini_moat, grunt_temple_overflow_open,
          elyvilon_altar_4, serial_corexii_hall, chequers_hall_statues_wall_a,
          chequers_hall_statues_y, kennysheep_diamond, nicolae_wooded_promenade,
          minmay_shop_enchanted_jewellery, minmay_strange_pillars
D:5:      layout_basic, gup_sewer_entry_bubbles, guppyfry_early_lair_pool
D:6:      layout_gridville, nzn_wu_jian_council_hall,
          minmay_temple_entry_drinking_statues, minmay_quadrilaterals
D:7:      layout_basic, grunt_dithmenos_shadows, hangedman_decor_slide_cut,
          nicolae_shop_sticking_my_neck_out
D:8:      layout_loops_ring, due_lair_maze_entry_diamond,
          minmay_unpleasant_kobolds
D:9:      layout_roguey, orc_0_dummy, grunt_livestock
D:10:     layout_cave_pools, mainiacjoe_overflow_cross_hatched, uniq_psyche
D:11:     layout_basic, uniq_sonja
D:12:     layout_cave_pools, minmay_misc_feat_four_crosses, uniq_nergalle
Temple:   regret_index_temple_waves
Lair:1:   layout_cave_pods, pond
Lair:2:   layout_small_grid, lemuel_oklob_altar

Notes
Turn   | Place    | Note
-------+----------+-------------------------------------------
     0 | D:1      | sanka the Gnoll Cinder Acolyte began the quest for the Orb.
     0 | D:1      | Reached XP level 1. HP: 23/23 MP: 4/4
   246 | D:1      | Reached XP level 2. HP: 14/29 MP: 5/5
   678 | D:2      | Learned a level 2 spell: Scorch
   702 | D:2      | Found an opulent altar of Gozag.
   829 | D:2      | Reached XP level 3. HP: 28/35 MP: 7/7
  1023 | D:1      | Reached skill level 1 in Invocations
  1311 | D:1      | Found a faded altar of an unknown god.
  1601 | D:2      | Reached skill level 1 in Short Blades
  1601 | D:2      | Reached skill level 1 in Long Blades
  1601 | D:2      | Reached skill level 1 in Axes
  1601 | D:2      | Reached skill level 1 in Polearms
  1601 | D:2      | Reached skill level 1 in Staves
  1601 | D:2      | Reached skill level 1 in Slings
  1601 | D:2      | Reached skill level 1 in Bows
  1601 | D:2      | Reached skill level 1 in Crossbows
  1601 | D:2      | Reached skill level 1 in Throwing
  1601 | D:2      | Reached skill level 1 in Armour
  1601 | D:2      | Reached skill level 1 in Dodging
  1601 | D:2      | Reached skill level 1 in Stealth
  1601 | D:2      | Reached skill level 1 in Shields
  1601 | D:2      | Reached skill level 1 in Unarmed Combat
  1601 | D:2      | Reached skill level 1 in Evocations
  1930 | D:3      | Reached XP level 4. HP: 41/41 MP: 8/8
  2097 | D:3      | Noticed Ijyb
  2108 | D:3      | Killed Ijyb
  2109 | D:3      | Reached skill level 3 in Spellcasting
  2109 | D:3      | Reached skill level 1 in Conjurations
  2109 | D:3      | Reached skill level 1 in Hexes
  2109 | D:3      | Reached skill level 1 in Summonings
  2109 | D:3      | Reached skill level 1 in Necromancy
  2109 | D:3      | Reached skill level 1 in Translocations
  2109 | D:3      | Reached skill level 1 in Transmutations
  2109 | D:3      | Reached skill level 1 in Ice Magic
  2109 | D:3      | Reached skill level 1 in Air Magic
  2109 | D:3      | Reached skill level 1 in Earth Magic
  2109 | D:3      | Reached skill level 1 in Poison Magic
  2516 | D:3      | Reached XP level 5. HP: 47/47 MP: 4/9
  2863 | D:3      | Noticed Jessica
  2874 | D:3      | Killed Jessica
  2960 | D:3      | Noticed Sigmund
  2987 | D:3      | Killed Sigmund
  2988 | D:3      | Reached skill level 2 in Invocations
  2988 | D:3      | Reached XP level 6. HP: 27/53 MP: 3/11
  3141 | D:3      | Reached skill level 2 in Short Blades
  3141 | D:3      | Reached skill level 2 in Long Blades
  3141 | D:3      | Reached skill level 2 in Axes
  3141 | D:3      | Reached skill level 2 in Polearms
  3141 | D:3      | Reached skill level 2 in Staves
  3141 | D:3      | Reached skill level 2 in Slings
  3141 | D:3      | Reached skill level 2 in Bows
  3141 | D:3      | Reached skill level 2 in Crossbows
  3141 | D:3      | Reached skill level 2 in Throwing
  3141 | D:3      | Reached skill level 2 in Armour
  3141 | D:3      | Reached skill level 2 in Dodging
  3141 | D:3      | Reached skill level 2 in Stealth
  3141 | D:3      | Reached skill level 2 in Shields
  3141 | D:3      | Reached skill level 2 in Unarmed Combat
  3141 | D:3      | Reached skill level 2 in Evocations
  3546 | D:4      | Found Taarch's Jewellery Boutique.
  3679 | D:4      | Found a white marble altar of Elyvilon.
  3695 | D:4      | Reached XP level 7. HP: 32/59 MP: 0/12
  3829 | D:4      | Reached skill level 7 in Fighting
  3829 | D:4      | Reached skill level 7 in Maces & Flails
  3959 | D:4      | Found Abadepin's Assorted Antiques.
  3959 | D:4      | Found Joheab's Armour Shoppe.
  4135 | D:4      | Found a snail-covered altar of Cheibriados.
  4187 | D:4      | Reached skill level 2 in Conjurations
  4187 | D:4      | Reached skill level 2 in Hexes
  4187 | D:4      | Reached skill level 2 in Summonings
  4187 | D:4      | Reached skill level 2 in Necromancy
  4187 | D:4      | Reached skill level 2 in Translocations
  4187 | D:4      | Reached skill level 2 in Transmutations
  4187 | D:4      | Reached skill level 2 in Ice Magic
  4187 | D:4      | Reached skill level 2 in Air Magic
  4187 | D:4      | Reached skill level 2 in Earth Magic
  4187 | D:4      | Reached skill level 2 in Poison Magic
  4342 | D:4      | Found a basalt altar of Yredelemnul.
  4343 | D:4      | Found a shimmering altar of Xom.
  4691 | D:5      | Entered Level 5 of the Dungeon
  4828 | D:5      | Noticed a troll
  4834 | D:5      | Killed a troll
  4835 | D:5      | Reached skill level 4 in Spellcasting
  4835 | D:5      | Reached skill level 6 in Fire Magic
  4835 | D:5      | Reached skill level 3 in Invocations
  4835 | D:5      | Reached XP level 8. HP: 67/67 MP: 10/14
  4932 | D:5      | Reached skill level 3 in Short Blades
  4932 | D:5      | Reached skill level 3 in Long Blades
  4932 | D:5      | Reached skill level 3 in Axes
  4932 | D:5      | Reached skill level 3 in Polearms
  4932 | D:5      | Reached skill level 3 in Staves
  4932 | D:5      | Reached skill level 3 in Slings
  4932 | D:5      | Reached skill level 3 in Bows
  4932 | D:5      | Reached skill level 3 in Crossbows
  4932 | D:5      | Reached skill level 3 in Throwing
  4932 | D:5      | Reached skill level 3 in Armour
  4932 | D:5      | Reached skill level 3 in Dodging
  4932 | D:5      | Reached skill level 3 in Stealth
  4932 | D:5      | Reached skill level 3 in Shields
  4932 | D:5      | Reached skill level 3 in Unarmed Combat
  4932 | D:5      | Reached skill level 3 in Evocations
  6010 | D:6      | Reached skill level 4 in Invocations
  6069 | D:5      | Reached skill level 3 in Conjurations
  6069 | D:5      | Reached skill level 3 in Hexes
  6069 | D:5      | Reached skill level 3 in Summonings
  6069 | D:5      | Reached skill level 3 in Necromancy
  6069 | D:5      | Reached skill level 3 in Translocations
  6069 | D:5      | Reached skill level 3 in Transmutations
  6069 | D:5      | Reached skill level 3 in Ice Magic
  6069 | D:5      | Reached skill level 3 in Air Magic
  6069 | D:5      | Reached skill level 3 in Earth Magic
  6069 | D:5      | Reached skill level 3 in Poison Magic
  6230 | D:6      | Reached XP level 9. HP: 72/72 MP: 7/16
  6433 | D:6      | Found a staircase to the Ecumenical Temple.
  6534 | Temple   | Entered the Ecumenical Temple
  6811 | D:6      | Reached skill level 4 in Short Blades
  6811 | D:6      | Reached skill level 4 in Long Blades
  6811 | D:6      | Reached skill level 4 in Axes
  6811 | D:6      | Reached skill level 4 in Polearms
  6811 | D:6      | Reached skill level 4 in Staves
  6811 | D:6      | Reached skill level 4 in Slings
  6811 | D:6      | Reached skill level 4 in Bows
  6811 | D:6      | Reached skill level 4 in Crossbows
  6811 | D:6      | Reached skill level 4 in Throwing
  6811 | D:6      | Reached skill level 4 in Armour
  6811 | D:6      | Reached skill level 4 in Dodging
  6811 | D:6      | Reached skill level 4 in Stealth
  6811 | D:6      | Reached skill level 4 in Shields
  6811 | D:6      | Reached skill level 4 in Unarmed Combat
  6811 | D:6      | Reached skill level 4 in Evocations
  6858 | D:6      | Reached skill level 5 in Spellcasting
  7282 | D:6      | Found an ornate altar of the Wu Jian Council.
  7965 | D:7      | Reached skill level 8 in Fighting
  7965 | D:7      | Reached skill level 8 in Maces & Flails
  8364 | D:7      | Reached skill level 5 in Invocations
  8432 | D:7      | Found Xoreukao's Neck Hole.
  8531 | D:7      | Found a shadowy altar of Dithmenos.
  8828 | D:8      | Reached XP level 10. HP: 80/80 MP: 14/18
  8831 | D:8      | Reached skill level 4 in Conjurations
  8831 | D:8      | Reached skill level 4 in Hexes
  8831 | D:8      | Reached skill level 4 in Summonings
  8831 | D:8      | Reached skill level 4 in Necromancy
  8831 | D:8      | Reached skill level 4 in Translocations
  8831 | D:8      | Reached skill level 4 in Transmutations
  8831 | D:8      | Reached skill level 4 in Ice Magic
  8831 | D:8      | Reached skill level 4 in Air Magic
  8831 | D:8      | Reached skill level 4 in Earth Magic
  8831 | D:8      | Reached skill level 4 in Poison Magic
  8848 | D:8      | Reached skill level 5 in Short Blades
  8848 | D:8      | Reached skill level 5 in Long Blades
  8848 | D:8      | Reached skill level 5 in Axes
  8848 | D:8      | Reached skill level 5 in Polearms
  8848 | D:8      | Reached skill level 5 in Staves
  8848 | D:8      | Reached skill level 5 in Slings
  8848 | D:8      | Reached skill level 5 in Bows
  8848 | D:8      | Reached skill level 5 in Crossbows
  8848 | D:8      | Reached skill level 5 in Throwing
  8848 | D:8      | Reached skill level 5 in Armour
  8848 | D:8      | Reached skill level 5 in Dodging
  8848 | D:8      | Reached skill level 5 in Stealth
  8848 | D:8      | Reached skill level 5 in Shields
  8848 | D:8      | Reached skill level 5 in Unarmed Combat
  8848 | D:8      | Reached skill level 5 in Evocations
  9014 | D:8      | Found a staircase to the Lair.
  9044 | D:8      | Reached skill level 7 in Fire Magic
  9130 | D:8      | Reached skill level 6 in Spellcasting
  9937 | D:9      | Noticed a red ugly thing
 10059 | D:9      | Killed a red ugly thing
 10060 | D:9      | Reached skill level 6 in Invocations
 10201 | D:9      | Identified the +5 chain mail of the Teacher {MP+9}
 10434 | D:9      | HP: 8/82 [yak (2)]
 10435 | D:9      | HP: 2/82 [yak (6)]
 10469 | D:9      | HP: 4/82 [wight (6)]
 10828 | D:9      | Reached XP level 11. HP: 70/81 MP: 20/20
 10979 | D:9      | Reached skill level 9 in Fighting
 10979 | D:9      | Reached skill level 6 in Short Blades
 10979 | D:9      | Reached skill level 6 in Long Blades
 10979 | D:9      | Reached skill level 6 in Axes
 10979 | D:9      | Reached skill level 9 in Maces & Flails
 10979 | D:9      | Reached skill level 6 in Polearms
 10979 | D:9      | Reached skill level 6 in Staves
 10979 | D:9      | Reached skill level 6 in Slings
 10979 | D:9      | Reached skill level 6 in Bows
 10979 | D:9      | Reached skill level 6 in Crossbows
 10979 | D:9      | Reached skill level 6 in Throwing
 10979 | D:9      | Reached skill level 6 in Armour
 10979 | D:9      | Reached skill level 6 in Dodging
 10979 | D:9      | Reached skill level 6 in Stealth
 10979 | D:9      | Reached skill level 6 in Shields
 10979 | D:9      | Reached skill level 6 in Unarmed Combat
 10979 | D:9      | Reached skill level 6 in Evocations
 11215 | D:9      | Reached skill level 5 in Conjurations
 11215 | D:9      | Reached skill level 5 in Hexes
 11215 | D:9      | Reached skill level 5 in Summonings
 11215 | D:9      | Reached skill level 5 in Necromancy
 11215 | D:9      | Reached skill level 5 in Translocations
 11215 | D:9      | Reached skill level 5 in Transmutations
 11215 | D:9      | Reached skill level 5 in Ice Magic
 11215 | D:9      | Reached skill level 5 in Air Magic
 11215 | D:9      | Reached skill level 5 in Earth Magic
 11215 | D:9      | Reached skill level 5 in Poison Magic
 11261 | D:9      | Learned a level 5 spell: Freezing Cloud
 11320 | D:9      | Found a staircase to the Orcish Mines.
 11651 | D:10     | Entered Level 10 of the Dungeon
 11664 | D:9      | HP: 4/89 [orc warrior (15)]
 11695 | D:8      | HP: 8/89 [wraith (4)]
 12265 | D:10     | Found a glowing silver altar of Zin.
 12653 | D:10     | Noticed Psyche
 12658 | D:10     | Killed Psyche
 12873 | D:11     | Reached skill level 7 in Spellcasting
 12896 | D:11     | Reached skill level 7 in Invocations
 13516 | D:11     | Noticed a two-headed ogre
 13532 | D:11     | Killed a two-headed ogre
 14834 | D:11     | Noticed Sonja
 14839 | D:11     | Killed Sonja
 14840 | D:11     | Reached skill level 8 in Fire Magic
 14840 | D:11     | Reached XP level 12. HP: 13/96 MP: 7/23
 15317 | Lair:1   | Entered Level 1 of the Lair of Beasts
 15319 | Lair:1   | Identified the ring "Plog" {rElec Will+ rCorr Str-3 Int+6}
 15384 | Lair:1   | Reached skill level 7 in Short Blades
 15384 | Lair:1   | Reached skill level 7 in Long Blades
 15384 | Lair:1   | Reached skill level 7 in Axes
 15384 | Lair:1   | Reached skill level 7 in Polearms
 15384 | Lair:1   | Reached skill level 7 in Staves
 15384 | Lair:1   | Reached skill level 7 in Slings
 15384 | Lair:1   | Reached skill level 7 in Bows
 15384 | Lair:1   | Reached skill level 7 in Crossbows
 15384 | Lair:1   | Reached skill level 7 in Throwing
 15384 | Lair:1   | Reached skill level 7 in Armour
 15384 | Lair:1   | Reached skill level 7 in Dodging
 15384 | Lair:1   | Reached skill level 7 in Stealth
 15384 | Lair:1   | Reached skill level 7 in Shields
 15384 | Lair:1   | Reached skill level 7 in Unarmed Combat
 15384 | Lair:1   | Reached skill level 7 in Evocations
 15864 | Lair:1   | Identified a scroll of acquirement
 16028 | D:4      | Acquired a book of the Spheres
 16036 | D:4      | Learned a level 5 spell: Fireball
 16042 | D:4      | Learned a level 5 spell: Iskenderun's Battlesphere
 16526 | Lair:1   | Identified the ring "Wauwnuwn" {Will- Str+4 Int+5 Slay+4}
 16876 | Lair:2   | Reached skill level 6 in Conjurations
 16876 | Lair:2   | Reached skill level 6 in Hexes
 16876 | Lair:2   | Reached skill level 6 in Summonings
 16876 | Lair:2   | Reached skill level 6 in Necromancy
 16876 | Lair:2   | Reached skill level 6 in Translocations
 16876 | Lair:2   | Reached skill level 6 in Transmutations
 16876 | Lair:2   | Reached skill level 6 in Ice Magic
 16876 | Lair:2   | Reached skill level 6 in Air Magic
 16876 | Lair:2   | Reached skill level 6 in Earth Magic
 16876 | Lair:2   | Reached skill level 6 in Poison Magic
 16980 | Lair:2   | Noticed a seven-headed hydra
 16984 | Lair:2   | Reached skill level 8 in Invocations
 16987 | Lair:2   | HP: 5/97 [komodo dragon (19)]
 16990 | Lair:2   | HP: 1/97 [wolf (5)]
 16991 | Lair:2   | Found a burning altar of Makhleb.
 16992 | Lair:2   | Slain by a wolf

Vanquished Creatures
  A two-headed ogre (D:11)
  Sonja (D:11)
  An ugly thing (D:9)
  2 cane toads (Lair:1)
  2 komodo dragons
  Psyche (D:10)
  A rime drake (Lair:2)
  3 trolls
  2 polar bears (Lair:1)
  A hornet (D:9)
  A blink frog (Lair:1)
  Sigmund (D:3)
  34 yaks
  A wyvern (Lair:2)
  A wraith (D:8)
  2 vampires
  4 hogs (D:9)
  A human (D:9)
  2 steam dragons
  4 water moccasins
  3 orc warriors
  3 ice beasts
  3 black bears (D:8)
  3 sky beasts
  An ogre (D:6)
  2 necrophages
  3 wolves (Lair:2)
  5 centaurs
  A phantom (D:7)
  A kobold brigand (D:11)
  12 bullfrogs
  A wyvern zombie (D:8)
  3 scorpions
  A gnoll sergeant (D:9)
  A water moccasin zombie (D:6)
  A water moccasin skeleton (D:5)
  9 wights
  4 electric eels (D:11)
  2 howler monkeys (D:4)
  4 centaur zombies
  3 hounds
  2 jellies
  An orc priest (D:6)
  3 bullfrog skeletons
  Jessica (D:3)
  A gnoll shaman (D:7)
  Ijyb (D:3)
  9 orc wizards
  3 killer bee zombies
  A howler monkey zombie (D:6)
  18 gnolls
  4 river rats
  10 adders
  2 shadow imps (D:7)
  2 white imps
  An adder skeleton (D:4)
  2 worms
  2 dart slugs
  31 orcs
  5 ball pythons
  4 endoplasms
  A giant cockroach (D:2)
  3 goblins (D:3)
  6 hobgoblins
  4 jackals
  4 quokkas
  A bat (D:1)
  2 frilled lizards
  17 kobolds
  3 rats
276 creatures vanquished.

Vanquished Creatures (others)
  A quokka (D:4)
  39 foxfires
  46 fungi
  56 plants
142 creatures vanquished.

Grand Total: 418 creatures vanquished
